 Dungeon Crawl Stone Soup version 0.22.1-6-g1668fe2 (webtiles) character file.

169 DarkinPup the Ducker (level 5, -2/41 HPs)
             Began as a Demonspawn Gladiator on Feb 1, 2019.
             Slain by a hornet zombie (9 damage)
             ... on level 4 of the Dungeon.
             The game lasted 00:04:53 (2973 turns).

DarkinPup the Ducker (Demonspawn Gladiator)         Turns: 2973, Time: 00:04:54

Health: -2/41      AC: 10    Str: 14    XL:     5   Next: 25%
Magic:  5/5        EV: 13    Int:  9    God:
Gold:   105        SH:  0    Dex: 16    Spells: 4/4 levels left

rFire    . . .     SeeInvis .   h - +3 halberd (chop)
rCold    . . .     Gourm    .   (shield currently unavailable)
rNeg     . . .     Faith    .   b - +0 leather armour
rPois    .         Spirit   .   c - +0 helmet
rElec    .         Reflect  .   (no cloak)
rCorr    .         Harm     .   (no gloves)
MR       .....                  (no boots)
Stlth    +.........             (no amulet)
HPRegen  0.13/turn              (no ring)
MPRegen  0.09/turn              (no ring)

@: lethally poisoned (-2 -> -5), sanguine armour
A: claws 1, demonic guardian 1, sanguine armour 1
a: no special abilities


You were on level 4 of the Dungeon.
You were hungry.

You visited 1 branch of the dungeon, and saw 4 of its levels.

You collected 105 gold pieces.

Inventory:

Hand Weapons
 h - a +3 halberd of chopping (weapon)
Missiles
 d - 3 throwing nets (quivered)
Armour
 b - a +0 leather armour (worn)
 c - a +0 helmet (worn)
Scrolls
 k - a scroll of remove curse {unknown}
 m - a scroll of blinking {unknown}
 n - a scroll of teleportation {unknown}
Potions
 a - a potion of ambrosia {unknown}
 e - a potion of flight
 g - 2 potions of haste {unknown}
 i - 2 potions of degeneration {unknown}
 j - a potion of invisibility {unknown}
 l - a potion of curing {unknown}
Comestibles
 f - 8 rations


   Skills:
 * Level 3.2 Fighting
   Level 3.2 Long Blades
 + Level 2.5 Polearms
 - Level 1.8 Throwing
 * Level 3.4 Dodging
 * Level 0.1 Unarmed Combat


You had 4 spell levels left.
You didn't know any spells.
Your spell library was empty.

Dungeon Overview and Level Annotations

Branches:
Dungeon (4/15)
 Temple: D:4-7

Altars:
Zin


Innate Abilities, Weirdness & Mutations

You have sharp fingernails.
A weak demonic guardian rushes to your aid.
When seriously injured, your bleeding wounds create armour. (AC +6)


Message History

Press: ? - help, Dir - move target cursor, f - hornet zombie
Aim: a hornet zombie You reach to attack!
You barely miss the hornet zombie.
You feel sick. The hornet zombie hits you!
* * * LOW HITPOINT WARNING * * *
You are too injured to fight recklessly!
You are too injured to fight recklessly!
You are too injured to fight recklessly!
You are too injured to fight recklessly!
Your white imp gestures at the hornet zombie.
The puff of frost hits the hornet zombie.
The hornet zombie resists.
You barely miss the hornet zombie.
The hornet zombie is lightly damaged.
You feel sick.
Your white imp disappears in a puff of smoke!
The hornet zombie hits you.
* * * LOW HITPOINT WARNING * * *
The hornet zombie hits you!
You die...

.........#
#.......##.#..#..
#.......#........
#........<......
#.###...<...........
........###.........
#.###...†...........
........###.........
###........@Z....>..
##....###.§....?..
.......##..........
.........#.......$..
....................
....................
......(...#.........
.#.................


You could see a hornet zombie.

Vanquished Creatures
  A worker ant (D:4)
  5 adders
  A gnoll (D:1)
  3 worms
  3 dart slugs
  A leopard gecko (D:2)
  2 orcs (D:3)
  A ball python (D:3)
  5 bats
  8 goblins
  8 hobgoblins
  2 jackals (D:2)
  10 kobolds
  A quokka (D:4)
  2 frilled lizards (D:1)
  4 rats
57 creatures vanquished.

Vanquished Creatures (collateral kills)
  A worker ant (D:4)
1 creature vanquished.

Grand Total: 58 creatures vanquished

Notes
Turn   | Place    | Note
-------+----------+-------------------------------------------
     0 | D:1      | DarkinPup the Demonspawn Gladiator began the quest for the
                  | Orb.
     0 | D:1      | Reached XP level 1. HP: 16/16 MP: 1/1
   194 | D:1      | Gained mutation: A weak demonic guardian rushes to your
                  | aid. [demonic ancestry]
   194 | D:1      | Reached XP level 2. HP: 8/22 MP: 2/2
   274 | D:1      | HP: 1/22 [bat (1)]
  1214 | D:1      | Gained mutation: When seriously injured, your bleeding
                  | wounds create armour. (AC +6) [demonic ancestry]
  1214 | D:1      | Reached XP level 3. HP: 27/27 MP: 3/3
  1812 | D:2      | Reached skill level 1 in Polearms
  2065 | D:2      | Reached XP level 4. HP: 34/34 MP: 4/4
  2882 | D:3      | Found a glowing silver altar of Zin.
  2959 | D:4      | Gained mutation: You have sharp fingernails. [demonic
                  | ancestry]
  2959 | D:4      | Reached XP level 5. HP: 30/41 MP: 5/5
  2973 | D:4      | Slain by a hornet zombie

Skill      XL: |  1  2  3  4 |
---------------+-------------+-----
Long Blades    | 3 |  3.2
Dodging        | 3 |  3.4
Polearms       | 1 2 |  2.5
Fighting       | 3 |  3.2
Throwing       | |  1.8
Unarmed Combat | |  0.1

Action                   |  1- 3 |  4- 6 || total
-------------------------+-------+-------++-------
Melee: Long sword        |    30 |       ||    30
       Halberd           |    44 |    69 ||   113
  Use: Potion            |       |     2 ||     2
 Stab: Sleeping          |     2 |     3 ||     5
  Eat: Chunk             |     2 |     4 ||     6
Armor: Leather armour    |    20 |    21 ||    41
Dodge: Dodged            |    68 |    42 ||   110
       Rpst.: Long sword |    14 |       ||    14
